 Dungeon Crawl Stone Soup version 0.21-a0-88-g13b9641 (webtiles) character file.

110895 kuniqs the Blocker (level 16, -3/86 HPs)
             Began as a Vine Stalker Fighter on June 26, 2017.
             Was a Believer of Uskayaw.
             Drowned by a drowned soul (13 damage)
             ... summoned by a merfolk avatar
             ... on level 1 of the Shoals on June 27, 2017.
             The game lasted 00:52:26 (21577 turns).

kuniqs the Blocker (Vine Stalker Fighter)          Turns: 21577, Time: 00:52:27

Health: -3/86      AC: 23    Str: 28    XL:     16   Next: 56%
Magic:  0/18       EV: 12    Int: 13    God:    Uskayaw [**....]
Gold:   1038       SH: 20    Dex: 15    Spells: 15/15 levels left

rFire    + . .     SeeInvis .   R - +0 rapier (venom)
rCold    + + +     Gourm    .   D - +0 large shield {reflect}
rNeg     . . .     Faith    .   b - +4 chain mail {rF+}
rPois    +         Spirit   +   n - +2 helmet {Int+3}
rElec    +         Reflect  +   B - +1 cloak
rCorr    .         Harm     .   c - +1 pair of gloves {Str+3}
MR       ++++.                  (no boots)
Stlth    ..........             E - amulet "Gaxkash" {Spirit rElec rC+++ MR++ MP-9}
HPRegen  1.04/turn              (no ring)
MPRegen  0.16/turn              p - ring of poison resistance

@: engulfed (cannot breathe)
A: fangs 3, clever 1, high mp 1, regeneration 2, magic shield, antimagic bite,
no potion heal 3, rot immunity
a: Stomp, Line Pass, Renounce Religion


You were on level 1 of the Shoals.
You worshipped Uskayaw.
Uskayaw was aware of your devotion.
You were not hungry.

You visited 5 branches of the dungeon, and saw 25 of its levels.
You also visited: Labyrinth.

You collected 2633 gold pieces.
You spent 1595 gold pieces at shops.

Inventory:

Hand Weapons
 R - a +0 rapier of venom (weapon)
Missiles
 S - a throwing net (quivered)
Armour
 b - a +4 chain mail of fire resistance (worn)
 c - a +1 pair of gloves of strength (worn)
 n - a +2 helmet of intelligence (worn)
 B - a +1 cloak (worn)
 D - a +0 large shield of reflection (worn)
Jewellery
 p - a ring of poison resistance (right hand)
 E - the amulet "Gaxkash" (around neck) {Spirit rElec rC+++ MR++ MP-9}
   (You found it in a labyrinth)

   [amulet of guardian spirit]

   It causes incoming damage to be split between your health and magic.
   It renders you almost immune to cold.
   It insulates you from electricity.
   It affects your resistance to hostile enchantments.
   It affects your magic capacity (-9).
 G - a +5 amulet of reflection
Wands
 k - a wand of confusion (24/48)
 l - a wand of acid (4/15)
 w - a wand of digging (9/24)
 H - a wand of paralysis (2/24)
 I - a wand of iceblast (3/15)
 L - a wand of scattershot (5/9)
 N - a wand of flame (15/48)
Scrolls
 h - 8 scrolls of teleportation
 j - 6 scrolls of remove curse {@r2}
 m - 5 scrolls of magic mapping
 o - 5 scrolls of enchant armour
 r - 6 scrolls of immolation
 t - 2 scrolls of recharging
 y - a scroll of enchant weapon
 A - 5 scrolls of fear
 K - 2 scrolls of silence {unknown}
 M - a scroll of blinking
 P - a scroll of fog {unknown}
 W - a scroll of summoning
 X - a scroll of vulnerability
Potions
 a - 4 potions of flight
 g - a potion of berserk rage {unknown}
 i - 10 potions of curing {@q1}
 s - 2 potions of agility
 u - 5 potions of mutation
 v - a potion of cancellation {unknown}
 z - a potion of invisibility
 C - 8 potions of haste
 F - 10 potions of might
Miscellaneous
 J - a lamp of fire
 Q - a phial of floods
 Y - a fan of gales
 Z - a box of beasts
Comestibles
 d - 12 bread rations
 e - 7 meat rations
 f - a fruit
 q - 9 chunks of flesh
 x - 18 royal jellies


   Skills:
 + Level 10.5 Fighting
 + Level 10.7 Short Blades
 + Level 9.8 Armour
 + Level 9.1 Dodging
 + Level 12.7 Shields
 + Level 10.8 Invocations
 + Level 8.9 Evocations


You had 15 spell levels left.
You didn't know any spells.

Dungeon Overview and Level Annotations

Branches:
Dungeon (15/15)            Temple (1/1) D:5            Lair (6/6) D:9
 Shoals (1/4) Lair:2        Snake (0/4) Lair:2        Slime (0/5) Lair:6
    Orc (2/2) D:9             Elf (0/3) Orc:2        Vaults (0/5) D:14
 Depths (0/5) D:15

Altars:
Elyvilon
Fedhas
Gozag
Nemelex Xobeh
Okawaru
Qazlal
Ru
Uskayaw
Xom
Yredelemnul
The Shining One
Beogh
Jiyva

Shops:
D:8 (*?!   Orc:2 [%(}

Annotations:
D:1 1 exclusion
Lair:2 exclusion: oklob plant
Lair:6 1 runed door


Innate Abilities, Weirdness & Mutations

You have razor-sharp teeth.
You heal very quickly.
When hurt, damage is shared between your health and your magic reserves.
Your bite disrupts and absorbs the magic of your enemies.
Potions cannot restore your health.
You are immune to rotting.
Your mind is acute. (Int +2)
You have an increased reservoir of magic. (+10% MP)


Message History

The merfolk avatar chants a haunting song.
You easily resist.
The drowned soul touches you. The drowned soul drowns you!
You block the water elemental's attack.
You puncture the water elemental! Your bite misses the water elemental.
* * * LOW HITPOINT WARNING * * *
Your lungs strain for air!
The merfolk avatar chants a haunting song.
You easily resist.
You hit the water elemental but do no damage.
Your bite misses the water elemental.
* * * LOW HITPOINT WARNING * * *
Your lungs strain for air!
The water elemental hits you. You block the drowned soul's attack.
You hit the water elemental. You bite the water elemental. You drain its power.
You feel invigorated.
* * * LOW HITPOINT WARNING * * *
Your lungs strain for air!
The water elemental closely misses you. The drowned soul touches you.
The drowned soul drowns you!
You die...

#P≈.. .. #...# . #.≈≈.
## ### .≈≈###. ####.#
#.##.. .
#....######.P... ...
##...≈≈....>.!.≈≈
.....###W.≈≈≈≈.....P≈≈≈≈
..../.)@≈≈≈≈W≈W≈≈.≈≈≈≈≈≈
.###..E!≈≈≈≈≈≈≈≈..≈≈≈≈≈≈
#..$..≈≈≈≈≈≈≈≈≈≈≈≈≈≈≈
...≈≈W≈≈≈≈≈≈≈≈≈≈≈≈≈≈≈≈
≈≈≈≈≈≈≈≈m≈≈≈≈≈≈≈≈≈≈≈≈≈≈≈
≈≈≈≈..≈≈≈≈≈≈≈≈≈≈≈≈≈≈≈≈≈≈
≈≈≈≈..≈≈≈≈≈≈≈≈≈≈≈≈≈≈≈≈≈≈
≈≈≈≈≈.≈≈≈≈≈≈≈≈≈≈≈≈≈≈≈≈..
≈≈≈≈≈≈≈≈≈≈≈≈≈≈≈...


You could see a merfolk avatar, a water elemental and 4 drowned souls.

Vanquished Creatures
  Rupert (D:13)
  Kirke (D:13)
  Agnes (D:15)
  2 entropy weavers (Lair:4)
  The ghost of smhtbhfam the Severer, a journeyman DDFi of Makhleb (Orc:1)
  Azrael (D:13)
  Snorg (D:10)
  2 ettins
  A minotaur (Lab)
  The ghost of tstbtto the Grappler, a journeyman TrFi of Okawaru (Lair:2)
  Harold (D:10)
  7 hydras
  Erica (D:11)
  A merfolk avatar (Shoals:1)
  13 two-headed ogres
  2 ogre magi (Orc:2)
  2 centaur warriors (D:15)
  A queen ant (Lair:4)
  Urug (D:11)
  Sonja (D:11)
  Nergalle (D:11)
  5 skeletal warriors (D:14)
  A fire crab (Lair:6)
  3 deep trolls
  A wizard (D:14)
  3 sea snakes (Shoals:1)
  An unseen horror (D:13)
  2 lindwurms (Lair:6)
  2 deep elf magi
  A wolf spider (D:15)
  2 cyclopes
  7 ugly things
  An orc knight (Orc:2)
  2 orc sorcerers
  3 oklob plants (Lair:2)
  Joseph (D:10)
  6 manticores
  17 elephants
  2 black mambas
  3 gargoyles (D:12)
  5 torpor snails (Lair:6)
  Psyche (D:10)
  10 spiny frogs
  4 centaur skeletons
  A freezing wraith (D:14)
  4 komodo dragons
  2 rime drakes
  15 trolls
  A merfolk (Shoals:1)
  3 tyrant leeches (Lair:6)
  A wind drake (Shoals:1)
  10 hornets
  2 slime creatures (D:13)
  Prince Ribbit (D:7)
  A raiju (Lair:6)
  12 polar bears
  4 dream sheep (Lair:6)
  12 blink frogs
  9 hippogriffs
  4 snapping turtles (Shoals:1)
  A vampire (D:12)
  A spriggan (Lair:1)
  2 shadows
  22 yaks
  5 hogs
  A fire elemental (D:13)
  A wyvern (Lair:1)
  A water elemental (Shoals:1)
  2 basilisks
  4 hungry ghosts
  A steam dragon (D:12)
  Grum (D:8)
  A human (D:7)
  Menkaure (D:7)
  4 vampire mosquitoes (D:15)
  24 soldier ants
  7 wargs
  An acid dragon (D:12)
  18 hell hounds
  22 water moccasins
  5 porcupines
  12 orc warriors
  A sky beast (D:7)
  7 ice beasts
  27 ogres
  12 black bears
  3 phantoms
  39 wolves
  4 centaurs
  19 crocodiles
  3 big kobolds
  16 bullfrogs
  2 wyvern skeletons (D:9)
  4 scorpions
  10 killer bees
  9 wights
  6 howler monkeys
  2 electric eels
  2 bullfrog zombies
  5 crimson imps
  3 centaur zombies
  4 bullfrog skeletons
  6 hounds
  2 jellies
  12 orc priests
  4 iguanas
  19 orc wizards
  31 worker ants
  2 hound zombies
  A hound skeleton (D:5)
  A worker ant zombie (D:9)
  19 adders
  3 gnolls (D:11)
  2 shadow imps
  2 adder zombies
  5 worms
  A dart slug (D:1)
  3 leopard geckos
  54 orcs
  6 bats
  3 giant cockroaches
  12 goblins
  11 hobgoblins
  36 jackals
  6 quokkas
  2 ball pythons
  3 frilled lizards
  A jackal skeleton (D:4)
  16 kobolds
  A leopard gecko skeleton (D:4)
  6 rats
  3 plants
796 creatures vanquished.

Vanquished Creatures (collateral kills)
  2 cyclopes (Orc:2)
  A hippogriff (D:14)
  A soldier ant (Lair:4)
  An orc priest (Orc:1)
5 creatures vanquished.

Vanquished Creatures (others)
  4 centaurs
  A worker ant (D:12)
  An orc (Orc:2)
  8 fungi
  42 plants
56 creatures vanquished.

Grand Total: 857 creatures vanquished

Notes
Turn   | Place    | Note
-------+----------+-------------------------------------------
     0 | D:1      | kuniqs the Vine Stalker Fighter began the quest for the Orb.
     0 | D:1      | Reached XP level 1. HP: 11/11 MP: 2/2
   144 | D:1      | Reached XP level 2. HP: 16/16 MP: 3/3
   202 | D:1      | Reached skill level 3 in Shields
   828 | D:1      | Reached XP level 3. HP: 19/19 MP: 4/4
   995 | D:2      | Gained mutation: Your natural rate of healing is unusually fast. [Vine Stalker growth]
   995 | D:2      | Reached XP level 4. HP: 19/24 MP: 5/5
  1277 | D:2      | Found a glowing golden altar of the Shining One.
  1788 | D:3      | Gained mutation: You have an increased reservoir of magic. (+10% MP) [potion of mutation]
  1788 | D:3      | Gained mutation: Your mind is acute. (Int +2) [potion of mutation]
  1836 | D:3      | Reached skill level 1 in Dodging
  1991 | D:3      | Reached XP level 5. HP: 26/28 MP: 6/6
  2368 | D:4      | Reached skill level 4 in Shields
  2453 | D:4      | Reached XP level 6. HP: 31/32 MP: 5/7
  2612 | D:4      | Reached XP level 7. HP: 31/36 MP: 8/8
  2730 | D:4      | Reached skill level 5 in Shields
  2945 | D:5      | Entered Level 5 of the Dungeon
  3525 | D:5      | Found a staircase to the Ecumenical Temple.
  3534 | Temple   | Entered the Ecumenical Temple
  3550 | Temple   | Became a worshipper of Uskayaw the Reveler
  3589 | D:5      | Reached * piety under Uskayaw
  3594 | D:5      | Reached ** piety under Uskayaw
  3850 | D:6      | Reached *** piety under Uskayaw
  3851 | D:6      | Gained mutation: You have razor-sharp teeth. [Vine Stalker growth]
  3851 | D:6      | Reached XP level 8. HP: 16/42 MP: 10/10
  3942 | D:6      | Reached skill level 1 in Invocations
  4083 | D:6      | Reached skill level 6 in Shields
  4145 | D:6      | Found a sacrificial altar of Ru.
  4145 | D:6      | Found a shimmering altar of Xom.
  4178 | D:6      | Found a sparkling altar of Nemelex Xobeh.
  4181 | D:6      | Identified the +0 ring mail of Mehe {rF+} (You found it on level 6 of the Dungeon)
  4462 | D:7      | Reached **** piety under Uskayaw
  4467 | D:7      | Reached ***** piety under Uskayaw
  4469 | D:7      | Reached XP level 9. HP: 35/46 MP: 13/13
  4478 | D:7      | Noticed Menkaure
  4488 | D:7      | Killed Menkaure
  4577 | D:7      | Reached skill level 5 in Fighting
  4643 | D:7      | Noticed Prince Ribbit
  4655 | D:7      | Killed Prince Ribbit
  4655 | D:7      | Reached skill level 7 in Shields
  4719 | D:7      | Reached skill level 5 in Short Blades
  5088 | D:8      | Found Samanuh's Distillery.
  5096 | D:8      | Bought a potion of haste for 150 gold pieces
  5096 | D:8      | Bought a potion of might for 60 gold pieces
  5171 | D:8      | Reached skill level 5 in Armour
  5238 | D:8      | Noticed Grum
  5263 | D:8      | Reached XP level 10. HP: 51/51 MP: 15/15
  5300 | D:8      | Killed Grum
  5341 | D:8      | Found Ixzionk's Assorted Antiques.
  5383 | D:8      | Bought a scroll labeled XYTHUENOKET for 28 gold pieces
  5383 | D:8      | Bought a scroll labeled ROEPUIROECH for 28 gold pieces
  5396 | D:8      | Found Teitum's Antique Weapon Boutique.
  5559 | D:8      | Found Joutaf's Magic Scroll Boutique.
  5567 | D:8      | Bought a scroll of teleportation for 36 gold pieces
  5567 | D:8      | Bought a scroll of blinking for 90 gold pieces
  5822 | D:8      | Reached skill level 8 in Shields
  6058 | D:9      | Reached skill level 1 in Evocations
  6066 | D:9      | Found a shimmering altar of Xom.
  6102 | D:9      | Found a staircase to the Lair.
  6114 | D:9      | Found a basalt altar of Yredelemnul.
  6169 | D:9      | Found a staircase to the Orcish Mines.
  6212 | D:9      | Found a sparkling altar of Nemelex Xobeh.
  6293 | D:9      | Noticed a two-headed ogre
  6308 | D:9      | Killed a two-headed ogre
  6574 | D:8      | Bought a glowing dagger for 120 gold pieces
  6606 | D:10     | Entered Level 10 of the Dungeon
  6827 | D:10     | Noticed Joseph
  6844 | D:10     | Killed Joseph
  6979 | D:10     | Found a stormy altar of Qazlal.
  6985 | D:10     | Noticed a manticore
  7011 | D:10     | Killed a manticore
  7013 | D:10     | Reached XP level 11. HP: 50/56 MP: 15/17
  7096 | D:10     | Reached skill level 5 in Invocations
  7097 | D:10     | Noticed Snorg
  7205 | D:10     | Noticed Harold
  7243 | D:10     | Killed Harold
  7243 | D:10     | Reached skill level 9 in Shields
  7280 | D:10     | Noticed Psyche
  7281 | D:10     | Paralysed by Psyche for 2 turns
  7306 | D:10     | Killed Psyche
  7559 | D:10     | Killed Snorg
  7559 | D:10     | Reached skill level 5 in Dodging
  7667 | D:11     | Noticed Urug
  7747 | D:11     | Killed Urug
  7846 | D:11     | Noticed Sonja
  7848 | D:11     | Noticed Erica
  7852 | D:11     | Killed Sonja
  7900 | D:11     | Noticed a green ugly thing
  7911 | D:11     | Killed a green ugly thing
  7987 | D:11     | Killed Erica
  8225 | D:11     | Noticed a two-headed ogre
  8240 | D:11     | Killed a two-headed ogre
  8386 | D:11     | Noticed Nergalle
  8419 | D:11     | Killed Nergalle
  8419 | D:11     | Gained mutation: You heal very quickly. [Vine Stalker growth]
  8419 | D:11     | Reached XP level 12. HP: 59/63 MP: 16/19
  8458 | D:11     | Reached skill level 10 in Shields
  9349 | D:13     | Found a sparkling altar of Nemelex Xobeh.
  9555 | D:15     | Entered Level 15 of the Dungeon
  9745 | Lair:1   | Entered Level 1 of the Lair of Beasts
  9942 | Lair:1   | Noticed a five-headed hydra
  9955 | Lair:1   | Killed a five-headed hydra
 10639 | Lair:2   | Noticed tstbtto's ghost (journeyman TrFi)
 10640 | Lair:2   | Found a staircase to the Shoals.
 10729 | Lair:2   | Reached skill level 5 in Evocations
 10733 | Lair:2   | Found a staircase to the Snake Pit.
 10785 | Lair:2   | Reached XP level 13. HP: 68/68 MP: 21/21
 11031 | Lair:2   | Killed tstbtto's ghost
 11141 | Lair:2   | Found a blossoming altar of Fedhas.
 11931 | Lair:3   | Reached skill level 11 in Shields
 12836 | Lair:4   | Found a labyrinth entrance.
 12852 | Lab      | Entered a labyrinth
 12972 | Lab      | Noticed a minotaur
 12985 | Lab      | Killed a minotaur
 12994 | Lab      | Identified Tepp's Papyrus of Hurtful Transmutation
 12995 | Lab      | Got a warped flail
 12995 | Lab      | Got a steaming steel amulet
 12996 | Lab      | Identified the +10 flail of Sufac {freeze, *Drain rElec MR+ Dex+4} (You found it in a labyrinth)
 12998 | Lab      | Identified the amulet "Gaxkash" {Spirit rElec rC+++ MR++ MP-9} (You found it in a labyrinth)
 13319 | Lair:4   | Noticed an entropy weaver
 13320 | Lair:4   | Noticed an entropy weaver
 13329 | Lair:4   | Killed an entropy weaver
 13344 | Lair:4   | Killed an entropy weaver
 13365 | Lair:4   | Reached ****** piety under Uskayaw
 13954 | Lair:4   | Reached XP level 14. HP: 74/74 MP: 23/23
 14955 | Lair:6   | Entered Level 6 of the Lair of Beasts
 15892 | Lair:6   | Found a viscous altar of Jiyva.
 15892 | Lair:6   | Found a staircase to the Slime Pits.
 16164 | Lair:6   | Found a runed door.
 16254 | Lair:6   | Reached XP level 15. HP: 49/79 MP: 25/25
 17047 | Orc:1    | Entered Level 1 of the Orcish Mines
 17119 | Orc:1    | Noticed smhtbhfam's ghost (journeyman DDFi)
 17154 | Orc:1    | Killed smhtbhfam's ghost
 17327 | Orc:2    | Entered Level 2 of the Orcish Mines
 17367 | Orc:1    | Reached skill level 12 in Shields
 17762 | Orc:2    | Reached skill level 10 in Short Blades
 17766 | Orc:2    | Found a staircase to the Elven Halls.
 17813 | Orc:2    | Found Iclyp's Armour Shoppe.
 17863 | Orc:2    | Found Epogozao's Food Emporium.
 17864 | Orc:2    | Found Atzifuf's Antique Weapon Emporium.
 17907 | Orc:2    | Found Ehygeuf's Gadget Boutique.
 17923 | Orc:2    | Reached skill level 10 in Invocations
 18147 | Orc:2    | Reached skill level 10 in Fighting
 18156 | Orc:2    | Found a roughly hewn altar of Beogh.
 18530 | Orc:2    | Bought a +4 chain mail of fire resistance for 472 gold pieces
 18530 | Orc:2    | Bought a +1 pair of gloves of strength for 247 gold pieces
 18569 | Orc:2    | Bought a wand of digging (9/24) for 364 gold pieces
 18808 | D:13     | Noticed Azrael
 18827 | D:13     | Killed Azrael
 19091 | D:13     | Noticed Kirke
 19102 | D:13     | Killed Kirke
 19209 | D:13     | Noticed Rupert
 19217 | D:13     | Killed Rupert
 19435 | D:14     | Found an iron altar of Okawaru.
 19470 | D:14     | Reached XP level 16. HP: 85/85 MP: 27/27
 19861 | D:14     | Found a gate to the Vaults.
 20471 | D:15     | Found a staircase to the Depths.
 20740 | D:15     | Noticed Agnes
 20764 | D:15     | Killed Agnes
 21108 | Shoals:1 | Entered Level 1 of the Shoals
 21577 | Shoals:1 | Drowned by a drowned soul

Vault maps used:
D:1:      evilmike_arrival_come_back
D:2:      tso_metal_star
D:3:      kennysheep_the_goblin_king
D:5:      cheibrodos_thug_alley, minmay_temple_entry_purple_smoke, first_bread,
          feat_on_display
D:6:      nicolae_overflow_hidden_temple, gammafunk_temple_overflow_elements,
          minmay_curled_crystal
D:7:      dk_noncrumbling_4, grunt_livestock, kennysheep_generic_room_13,
          uniq_prince_ribbit1, uniq_menkaure
D:8:      serial_shops, shop, shop, nicolae_shop_stone, shop, uniq_grum
D:9:      yredelemnul_altar_generic, lair_entry_dummy, orc_0_dummy, basic_altar,
          nemelex_xobeh_ov_fountains_minmay
D:10:     nicolae_qazlal_style_of_elements, uniq_psyche, uniq_joseph,
          uniq_snorg, uniq_harold
D:11:     uniq_urug, uniq_erica, uniq_sonja, uniq_nergalle
D:13:     st_stairs_9, nemelex_diamond_rough_becter, uniq_kirke, uniq_rupert,
          uniq_azrael
D:14:     david_vaults_4, okawaru_ov_weapons_minmay, amethyst_killhole
D:15:     hangedman_depths_entry_civil_slaughter, uniq_agnes
Temple:   bh_familiar_temple
Lair:1:   grunt_forest_large_clearing_hut
Lair:2:   dpeg_oklob_gauntlet, elwin_shoals_entry_rocks,
          minmay_snake_entry_six_corridors, tgw_fedhas
Lair:3:   serial_bayou_pond_c
Lair:4:   lab_entry_generic, minivault_23, zaba_anthell
Lair:5:   beast_lair_carwin_11
Lair:6:   wormcave, hangedman_lair_caniforms_friends,
          dpeg_slime_entry_enclosed_altar, serial_bayou_shore_a
Orc:2:    st_orc_open, lemuel_statue_altar
Lab:      labyrinth_mini_lab

Skill      XL: |  1  2  3  4  5  6  7  8  9 10 11 12 13 14 15 16 |
---------------+-------------------------------------------------+-----
Shields        | 3 4 5 6 7 8 9 10 11 12 | 12.7
Short Blades   | 2 3 4 5 6 7 8 9 10 | 10.7
Fighting       | 3 4 5 6 7 8 9 10 | 10.5
Dodging        | 1 2 3 4 5 6 7 8 9 |  9.1
Armour         | 3 4 5 6 7 8 9 |  9.8
Invocations    | 2 3 4 5 7 8 9 10 | 10.8
Evocations     | 2 3 5 6 7 8 |  8.9

Action                   |  1- 3 |  4- 6 |  7- 9 | 10-12 | 13-15 | 16-18 || total
-------------------------+-------+-------+-------+-------+-------+-------++-------
Melee: Rapier            |    17 |       |       |       |    44 |   377 ||   438
       Bite              |    17 |    78 |   131 |   424 |   967 |   206 ||  1823
       Dagger            |    60 |   239 |   382 |   851 |  1532 |       ||  3064
       Scimitar          |       |       |       |    61 |       |       ||    61
       Flail             |       |       |       |       |   384 |       ||   384
Throw: Tomahawk          |       |       |     2 |       |       |       ||     2
       Javelin           |       |       |       |     1 |       |       ||     1
Invok: Line Pass         |       |       |       |     2 |     3 |       ||     5
       Grand Finale      |       |       |       |       |     2 |       ||     2
Evoke: Wand              |     2 |       |       |    38 |    47 |     8 ||    95
       Phial of floods   |       |       |       |     1 |     3 |       ||     4
       Lamp of fire      |       |       |       |       |     1 |       ||     1
       Box of beasts     |       |       |       |       |     1 |       ||     1
  Use: Scroll            |     4 |     5 |     5 |    12 |     8 |     3 ||    37
       Potion            |       |     3 |       |     2 |     7 |       ||    12
 Stab: Invisible         |       |     1 |       |       |       |       ||     1
       Paralysed         |       |       |    10 |    42 |   126 |    14 ||   192
       Confused          |       |       |       |     9 |     4 |       ||    13
       Distracted        |       |       |       |       |     1 |       ||     1
  Eat: Chunk             |       |     6 |    12 |    20 |    23 |     8 ||    69
       Fruit             |       |       |       |     1 |     1 |       ||     2
       Royal jelly       |       |       |       |       |     4 |       ||     4
Armor: Scale mail        |    24 |     3 |       |       |       |       ||    27
       Chain mail        |       |    72 |    96 |       |   459 |    71 ||   698
       Plate armour      |       |       |    46 |   223 |    85 |       ||   354
Dodge: Dodged            |     9 |    41 |    54 |   124 |   489 |    57 ||   774
Block: Shield            |    46 |   138 |   232 |   527 |   862 |       ||  1805
       Reflection        |     1 |       |    10 |     2 |    13 |    20 ||    46
       Large shield      |       |       |       |       |   849 |   305 ||  1154
       Rpst.: Scimitar   |       |       |       |     3 |       |       ||     3
